 Dungeon Crawl Stone Soup version 0.28.0 (webtiles) character file.

Game seed: 11012350376044373118

2722 fragbeetle the Cleaver (level 9, -2/70 HPs)
             Began as a Hill Orc Fighter on Feb 10, 2022.
             Was a Follower of Uskayaw.
             Slain by an orc warrior (6 damage)
             ... in a bailey.
             The game lasted 00:13:32 (9483 turns).

fragbeetle the Cleaver (Hill Orc Fighter)           Turns: 9483, Time: 00:13:32

Health: -2/70      AC: 13    Str: 21    XL:     9   Next: 66%
Magic:  15/16      EV:  7    Int:  8    God:    Uskayaw [*.....]
Gold:   338        SH:  4    Dex: 12    Spells: 8/8 levels left

rFire   . . .      SeeInvis +   u - +0 hand axe (venom)
rCold   . . .      Faith    .   c - +0 buckler
rNeg    . . .      Spirit   .   I - +0 chain mail
rPois   .          Reflect  .   l - +2 helmet
rElec   .          Harm     .   (no cloak)
rCorr   .          Rampage  .   q - +0 pair of gloves
Will    .....                   (no boots)
Stlth   ..........              (no amulet)
HPRegen 0.21/turn               C - ring of see invisible
MPRegen 0.15/turn               (no ring)

@: no status effects
A: no striking features
a: Renounce Religion, Stomp


You were in a bailey.
You worshipped Uskayaw.
Uskayaw was aware of your devotion.
You visited 2 branches of the dungeon, and saw 8 of its levels.
You also visited: Bailey.

You collected 338 gold pieces.

Inventory:

Hand Weapons
 a - a +0 war axe
 k - the +0 spear of the Puffin {venom, Fly rF+ Int+2}
   (You found it on level 2 of the Dungeon)

   It poisons the flesh of those it strikes.
   Int:       It affects your intelligence (+2).
   rF:        It protects you from fire.
   Fly:       It grants you flight.
 u - a +0 hand axe of venom (weapon)
 z - a +0 flail of venom
 D - a +0 vorpal morningstar
 J - a +0 arbalest
Missiles
 o - 13 poisoned darts (quivered)
 y - a throwing net
 A - an atropa-tipped dart
 K - 104 bolts
Armour
 b - a +0 scale mail
 c - a +0 buckler (worn)
 l - a +2 helmet (worn)
 q - a +0 pair of gloves (worn)
 I - a +0 chain mail (worn)
Jewellery
 C - a ring of see invisible (left hand)
Wands
 w - a wand of digging (4)
 B - a wand of polymorph (12)
 E - a wand of charming (6)
Scrolls
 d - 2 scrolls of amnesia
 e - 2 scrolls of immolation
 f - a scroll of torment {unknown}
 h - a scroll of identify
 i - a scroll of holy word
 j - 2 scrolls of noise {unknown}
 p - a scroll of acquirement {unknown}
 r - 2 scrolls of teleportation {unknown}
 s - a scroll of fear {unknown}
 t - a scroll of blinking {unknown}
 v - a scroll of magic mapping {unknown}
 G - a scroll of summoning {unknown}
 H - a scroll of enchant weapon {unknown}
Potions
 g - 2 potions of attraction
 m - a potion of brilliance {unknown}
 n - a potion of curing
 x - a potion of flight {unknown}
 F - a potion of lignification {unknown}


   Skills:
 - Level 3.6 Fighting
 - Level 14.0 Axes
 - Level 3.2 Armour
 - Level 3.2 Shields
 + Level 9.4 Invocations


You had 8 spell levels left.
You didn't know any spells.
Your spell library contained the following spells:

 Spells                   Type           Power      Damage    Failure   Level
 Ensorcelled Hibernation  Hex/Ice        0%         N/A       100%        2
 Passwall                 Tmut/Erth      0%         N/A       100%        2
 Call Canine Familiar     Summ           0%         N/A       100%        3
 Portal Projectile        Hex/Tloc       0%         N/A       100%        3
 Swiftness                Air            0%         N/A       100%        3
 Leda's Liquefaction      Hex/Erth       0%         N/A       100%        4


Dungeon Overview and Level Annotations

Branches:
Dungeon (7/15)             Temple (1/1) D:4          Bailey (1/1)

Altars:
Ashenzari
Cheibriados
Dithmenos
Elyvilon
Fedhas
Hepliaklqana
Kikubaaqudgha
Makhleb
Nemelex Xobeh
Okawaru
Qazlal
Ru
Sif Muna
Trog
Uskayaw
Vehumet
Wu Jian
Xom
Yredelemnul
Zin
The Shining One

Annotations:
D:4 3 runed translucent doors, BecksGhost's ghost, amateur TrFi


Message History

* * * LOW HITPOINT WARNING * * *
You barely miss the orc warrior.
The orc warrior is almost dead.
You kill the orc warrior!
The orc warrior shoots a bolt.
The bolt barely misses you.
The orc warrior shoots a bolt.
The bolt hits you!
* * * LOW HITPOINT WARNING * * *
The orc warrior unwields a +0 arbalest.
The orc warrior hits you.
* * * LOW HITPOINT WARNING * * *
The orc warrior unwields a +4 arbalest.
You block the orc warrior's attack.
Things that are here:
a +0 arbalest; 11 bolts; a +0 ring mail Unknown command.
You feel better.
The orc warrior hits you but does no damage.
The orc warrior misses you.
Unknown command.
You closely miss the orc warrior.
You hit the orc warrior but do no damage.
The orc warrior is poisoned.
The orc warrior hits you but does no damage.
You hit the orc warrior.
The orc warrior is lightly wounded.
You hit the orc warrior but do no damage.
The orc warrior looks as sick as possible!
The orc warrior completely misses you.
You hit the orc warrior.
The orc warrior is moderately wounded.
You hit the orc warrior but do no damage.
The orc warrior looks as sick as possible!
The orc warrior barely misses you. The orc warrior hits you.
* * * LOW HITPOINT WARNING * * *
You closely miss the orc warrior.
The orc warrior is moderately wounded.
You hit the orc warrior but do no damage.
The orc warrior looks as sick as possible!
You hit the orc warrior.
The orc warrior is poisoned.
The orc warrior is moderately wounded.
You closely miss the orc warrior. The orc warrior hits you.
You die...

#............#
#............#
#............#
#............# #
#............##..
#................
#................
#......≈≈.≈≈≈....
#.....≈≈#@##≈....
#.....≈##oo# ....
#.....≈#.o... ...
#.....≈##.##≈....
.....≈ ### ≈....
... ≈≈≈ .... ...
... ... ...


You could see 2 orc warriors and an orc.

Vanquished Creatures
  A troll (D:7)
  Prince Ribbit (D:6)
  Menkaure (D:4)
  2 orc warriors (Bailey)
  3 ice beasts
  2 black bears (D:6)
  A hornet zombie (D:6)
  An ogre (D:4)
  A phantom (D:5)
  3 scorpions
  3 bullfrogs
  A wyvern skeleton (D:6)
  2 wights (D:7)
  A jelly (D:4)
  A bullfrog zombie (D:5)
  A gnoll shaman (D:5)
  A hound (D:5)
  An orc priest (D:5)
  An iguana (D:5)
  Terence (D:2)
  Natasha (thrice) (D:2)
  6 orc wizards
  A hound zombie (D:5)
  Robin (D:2)
  A hound skeleton (D:5)
  8 gnolls
  9 adders
  A shadow imp (D:7)
  2 white imps (D:7)
  An ufetubus (D:5)
  3 worms (D:2)
  3 dart slugs
  33 orcs
  An endoplasm (D:1)
  3 giant cockroaches
  10 hobgoblins
  4 jackals (D:3)
  6 kobolds
  3 quokkas
  8 ball pythons
  9 bats
  A frilled lizard (D:2)
  15 goblins
  8 rats
169 creatures vanquished.

Vanquished Creatures (others)
  A plant (D:1)
1 creature vanquished.

Grand Total: 170 creatures vanquished

Notes
Turn   | Place    | Note
-------+----------+-------------------------------------------
     0 | D:1      | fragbeetle the Hill Orc Fighter began the quest for the
                  | Orb.
     0 | D:1      | Reached XP level 1. HP: 19/19 MP: 1/1
    77 | D:1      | Reached skill level 3 in Axes
   300 | D:1      | Reached XP level 2. HP: 23/26 MP: 2/2
   462 | D:1      | Reached skill level 4 in Axes
   948 | D:2      | Reached XP level 3. HP: 30/31 MP: 3/3
   955 | D:2      | Noticed Terence
   967 | D:2      | Killed Terence
   968 | D:2      | Reached skill level 5 in Axes
  1246 | D:2      | Found a faded altar of an unknown god.
  1259 | D:2      | Identified the +0 spear of the Puffin {venom, Fly rF+
                  | Int+2}
  1306 | D:2      | Noticed Natasha
  1313 | D:2      | Killed Natasha
  1314 | D:2      | Reached XP level 4. HP: 28/39 MP: 4/4
  1326 | D:2      | Reached skill level 6 in Axes
  1391 | D:2      | Noticed Robin
  1847 | D:2      | Noticed Natasha
  1854 | D:2      | Killed Natasha
  1855 | D:2      | Reached XP level 5. HP: 36/45 MP: 5/5
  1965 | D:2      | Reached skill level 7 in Axes
  2200 | D:2      | Noticed Natasha
  2212 | D:2      | Killed Natasha
  2454 | D:2      | Killed Robin
  3114 | D:3      | Reached skill level 8 in Axes
  3114 | D:3      | Reached XP level 6. HP: 42/51 MP: 6/6
  3261 | D:3      | Found a shimmering altar of Xom.
  3898 | D:4      | Reached skill level 9 in Axes
  4227 | D:4      | Reached XP level 7. HP: 39/57 MP: 7/7
  4392 | D:4      | Found a runed translucent gate.
  4396 | D:4      | Found a runed translucent gate.
  4396 | D:4      | Found a runed translucent gate.
  4399 | D:4      | Noticed BecksGhost's ghost (amateur TrFi)
  4523 | D:4      | Reached skill level 10 in Axes
  4894 | D:4      | Noticed Menkaure
  4908 | D:4      | Killed Menkaure
  4909 | D:4      | Reached skill level 11 in Axes
  5586 | D:4      | Found a staircase to the Ecumenical Temple.
  5600 | Temple   | Entered the Ecumenical Temple
  5769 | Temple   | Became a worshipper of Uskayaw the Reveller
  5882 | D:5      | Entered Level 5 of the Dungeon
  5948 | D:5      | Reached * piety under Uskayaw
  5976 | D:5      | Reached ** piety under Uskayaw
  5983 | D:5      | Reached XP level 8. HP: 21/64 MP: 8/8
  6276 | D:5      | Reached skill level 12 in Axes
  6915 | D:5      | Reached skill level 13 in Axes
  7976 | D:6      | Reached skill level 14 in Axes
  7976 | D:6      | Reached skill level 1 in Invocations
  7980 | D:6      | Found a shadowy altar of Dithmenos.
  8014 | D:6      | Reached XP level 9. HP: 47/70 MP: 9/11
  8223 | D:6      | Reached skill level 5 in Invocations
  8326 | D:6      | Found a stormy altar of Qazlal.
  8327 | D:6      | Noticed Prince Ribbit
  8341 | D:6      | Killed Prince Ribbit
  8555 | D:6      | Found an ornate altar of the Wu Jian Council.
  8721 | D:7      | Reached *** piety under Uskayaw
  8732 | D:7      | Found a white marble altar of Elyvilon.
  8841 | D:7      | Noticed a troll
  8875 | D:7      | Killed a troll
  9250 | D:7      | Found a flagged portal.
  9273 | Bailey   | Entered a bailey
  9477 | Bailey   | HP: 1/70 [orc warrior (5)]
  9483 | Bailey   | Slain by an orc warrior

Illustrated notes

Levels and vault maps discovered:
D:1:      kennysheep_arrival_seaside, layout_loops_ring
D:2:      layout_loops_ring, dreamdust_ecumenical_altar_angels_and_demons,
          grunt_ministairs_9, nicolae_underground_beach, uniq_terence,
          uniq_robin, uniq_natasha
D:3:      layout_loops_corners, mainiacjoe_overflow_concentric_impassable,
          minivault_19, hangedman_decor_slide_cut
D:4:      layout_basic, minmay_temple_entry_junction,
          gammafunk_ghost_necromancy, uniq_menkaure
D:5:      layout_basic
D:6:      layout_rooms, nicolae_overflow_crystal_walls,
          nicolae_wu_jian_wuxing_cycle, nicolae_qazlal_style_of_elements,
          chequers_serial_rivers_marsh, lightli_orcish_oven, uniq_prince_ribbit1
D:7:      nicolae_cairo_tiling_very_big, layout_cave_pools, elyvilon_altar_3,
          enter_ossuary_3, lightli_bailey_entry_fortress, st_stairs_14
Temple:   regret_index_temple_sphere_string
Bailey:   bailey_polearm_2, bailey

Skill      XL: |  1  2  3  4  5  6  7  8  9 |
---------------+----------------------------+-----
Axes           | 3 4 5 6 8 9 11 14 | 14.0
Invocations    | 3 9 |  9.4
Fighting       | |  3.6
Armour         | |  3.2
Shields        | |  3.2

Action                   |  1- 3 |  4- 6 |  7- 9 || total
-------------------------+-------+-------+-------++-------
Melee: War axe           |    71 |       |       ||    71
       Spear             |     7 |   245 |   113 ||   365
       Hand axe          |       |       |   332 ||   332
Throw: Dart              |       |       |     2 ||     2
Invok: Line Pass         |       |       |     1 ||     1
  Use: Potion            |     1 |       |     1 ||     2
       Scroll            |       |       |     6 ||     6
 Stab: Paralysed         |       |       |     1 ||     1
Armor: Scale mail        |    36 |    69 |   102 ||   207
       Chain mail        |       |       |    69 ||    69
Dodge: Dodged            |    46 |    75 |   138 ||   259
Block: Buckler           |    19 |    31 |    65 ||   115
